 Seeded DCSS version 0.30.0-29-ga12c61a403 (webtiles) character file.

Game seed: 18007716519941398942 (custom seed)

11 Dadbod the Shield-Bearer (level 2, 24/24 HPs)
             Began as a Formicid Fighter on June 5, 2023.
             Quit the game on level 1 of the Dungeon.
             The game lasted 00:01:17 (108 turns).

Dadbod the Shield-Bearer (Formicid Fighter)          Turns: 108, Time: 00:01:18

Health: 24/24      AC:  6    Str: 20    XL:     2   Next: 40%
Magic:  2/2        EV:  9    Int:  7    God:
Gold:   524        SH:  5    Dex: 13    Spells: 1/1 levels left

rFire   . . .        a - +0 war axe
rCold   . . .        c - +0 buckler
rNeg    . . .        b - +0 scale mail
rPois   .            (helmet unavailable)
rElec   .            (no cloak)
rCorr   .            (no gloves)
SInv    +            (no boots)
Will    .....        (no amulet) Stlth
                     (no ring)
HPRegen 0.24/turn    (no ring)
MPRegen 0.08/turn

%: no passive effects
@: studying Shields
A: permanent stasis, dig shafts and tunnels, antennae 3, four strong arms
a: Dig, Shaft Self


You were on level 1 of the Dungeon.
You visited 1 branch of the dungeon, and saw 1 of its levels.

You collected 524 gold pieces.

Inventory:

Hand Weapons
 a - a +0 war axe (weapon)
Armour
 b - a +0 scale mail (worn)
 c - a +0 buckler (worn)
Jewellery
 e - an amulet of the acrobat
Scrolls
 f - a scroll of acquirement
Potions
 d - a potion of might


   Skills:
 + Level 3.5 Fighting
 + Level 2.1 Axes
 + Level 3.5 Armour
 + Level 4.2 Shields


You had one spell level left.
You didn't know any spells.
Your spell library was empty.

Dungeon Overview and Level Annotations

Branches:
Dungeon (1/15)

Altars:


Innate Abilities, Weirdness & Mutations

You cannot be hasted, slowed, berserked, paralysed or teleported.
You can dig through walls and to a lower floor.
You have a pair of large antennae on your head. (SInv)
Your four strong arms can wield two-handed weapons with a shield.


Message History

A hobgoblin comes into view.
The hobgoblin shouts!
You slash the hobgoblin!
You kill the hobgoblin!
Found 4 stones.
You see here a hobgoblin corpse.
HP restored.
Found a long sword.
Found 2 lumpy sapphire potions.
Found a scroll labelled UNKIPPOYZU.
You sense a monster nearby.
A goblin comes into view. It is wielding a +0 dagger.
The goblin shouts!
You hear an angry hiss.
An endoplasm comes into view.
You see here a scroll labelled UNKIPPOYZU.
A frilled lizard comes into view.
The frilled lizard hisses angrily.
You closely miss the goblin. The goblin hits you but does no damage.
You closely miss the goblin.
The goblin hits you but does no damage. x2
You barely miss the goblin. The goblin hits you but does no damage.
You barely miss the goblin.
The goblin hits you but does no damage. x2
You slash the goblin!
You kill the goblin!
You miss the frilled lizard. The frilled lizard bites you.
The frilled lizard bites you but does no damage.
You barely miss the frilled lizard. The frilled lizard barely misses you.
You slash the frilled lizard!
You kill the frilled lizard!
You slash the endoplasm!
You kill the endoplasm!
Things that are here:
a +0 dagger; a frilled lizard corpse; a goblin corpse
Found 3 scrolls labelled DICAOL JAOKK.
f - 3 scrolls labelled DICAOL JAOKK This is a scroll of acquirement!
Something appears at your feet!
You now have 524 gold pieces (gained 515).
You see here a manual of Shields.
Something appears at your feet!
You pick up a manual of Shields and begin studying.
Are you sure you want to abandon this character and quit the game? (Confirm with "yes".)

.............(
..##.#.#######
.###.#.# .#
#.#.# .# #.#..
.# #.###
####### .# #.#
#.. ..#
####.##### #.#
#.# #......)#
#.# #@#
#.#.##.## #.#
#.# #.#..#.#
##.###.#{ #
##.#.#
#...)..# .#.#
#.?###.# {
.#.# #..# #.#
.#.# #..# ###
#.# #..# #.#
#..#


There were no monsters in sight!

Vanquished Creatures
  2 endoplasms (D:1)
  A goblin (D:1)
  A hobgoblin (D:1)
  4 jackals (D:1)
  A frilled lizard (D:1)
9 creatures vanquished.

Notes
Turn   | Place    | Note
-------+----------+-------------------------------------------
     0 | D:1      | Dadbod the Formicid Fighter began the quest for the Orb.
     0 | D:1      | Reached XP level 1. HP: 18/18 MP: 1/1
    30 | D:1      | Reached XP level 2. HP: 17/24 MP: 2/2
   104 | D:1      | Identified 3 scrolls of acquirement
   104 | D:1      | Acquired 515 gold pieces
   106 | D:1      | Acquired a manual of Shields
   108 | D:1      | Quit the game

Illustrated notes

Levels and vault maps discovered:
D:1:      psy_arrival_dodecagon, layout_basic,
          dreamdust_ecumenical_altar_sealed_demon

Action                     || total
---------------------------++-------
  Melee: War axe           ||    22
    Use: Scroll            ||     2
 Armour: Scale mail        ||    20
  Dodge: Dodged            ||    11
  Block: Buckler           ||     4
